 Dungeon Crawl Stone Soup version 0.28-a0-649-g2b6bb2fd11 (webtiles) character file.

Game seed: 5071046679086985121

2306 GordonOverkill the Grappler (level 9, -7/88 HPs)
             Began as a Troll Earth Elementalist on Oct 11, 2021.
             Was a Believer of Qazlal.
             Mangled by Harold (21 damage)
             ... on level 7 of the Dungeon.
             The game lasted 00:10:56 (5139 turns).

GordonOverkill the Grappler (TrEE)                  Turns: 5139, Time: 00:10:56

Health: -7/88      AC:  7    Str: 21    XL:     9   Next: 18%
Magic:  11/11      EV: 10    Int: 17    God:    Qazlal [**....]
Gold:   406        SH:  3    Dex: 16    Spells: 9/10 levels left

rFire   . . .      SeeInvis .     - Unarmed
rCold   . . .      Faith    .   (no shield)
rNeg    . . .      Spirit   .   b - +0 robe
rPois   .          Reflect  .   (helmet restricted)
rElec   +          Harm     .   o - +2 cloak
rCorr   .          Rampage  .   (gloves unavailable)
Will    .....                   (boots unavailable)
Stlth   +.........              (no amulet)
HPRegen 1.24/turn               a - +6 ring of dexterity
MPRegen 0.12/turn               q - +6 ring of intelligence

@: marked, very slightly contaminated, invisible
A: large, unfitting armour, claws 3, regeneration 1, shaggy fur 1, tough skin 1,
horns 1, electricity resistance, MP-powered wands
a: Renounce Religion, Upheaval


You were on level 7 of the Dungeon.
You worshipped Qazlal.
Qazlal was pleased with you.
You visited 1 branch of the dungeon, and saw 7 of its levels.

You collected 406 gold pieces.

Inventory:

Missiles
 c - 249 stones
 h - 28 poisoned darts (quivered)
Armour
 b - a +0 robe (worn)
 o - a +2 cloak (worn)
Magical Staves
 i - a staff of poison
 j - a staff of fire
Jewellery
 a - a +6 ring of dexterity (left claw)
 n - a ring of positive energy
 q - a +6 ring of intelligence (right claw)
Wands
 s - a wand of polymorph (8)
 w - a wand of iceblast (7)
Scrolls
 m - a scroll of identify
 t - 2 scrolls of enchant weapon
Potions
 d - 2 potions of curing
 e - a potion of magic
 g - 2 potions of haste
 k - a potion of brilliance
 l - a potion of mutation
 v - a potion of might


   Skills:
 + Level 5.0 Fighting
 - Level 1.5 Dodging
 - Level 1.0 Stealth
 * Level 8.8 Unarmed Combat
 - Level 1.2 Spellcasting
 - Level 0.6 Transmutations
 - Level 2.6 Earth Magic
 + Level 5.1 Invocations


You had 9 spell levels left.
You knew the following spells:

 Your Spells              Type           Power      Damage    Failure   Level
a - Sandblast             Erth           20%        2d7       7%          1

Your spell library contained the following spells:

 Spells                   Type           Power      Damage    Failure   Level
 Passwall                 Tmut/Erth      5%         N/A       16%         2
 Beastly Appendage        Tmut           6%         N/A       17%         1
 Animate Skeleton         Necr           2%         N/A       22%         1
 Foxfire                  Conj/Fire      4%         2x1d4     22%         1
 Pain                     Necr           4%         1d4       22%         1
 Shock                    Conj/Air       4%         1d3       22%         1
 Wereblood                Tmut           3%         N/A       26%         2
 Stone Arrow              Conj/Erth      10%        3d7       36%         3
 Spider Form              Tmut/Pois      1%         N/A       50%         3
 Call Canine Familiar     Summ           1%         N/A       54%         3
 Portal Projectile        Hex/Tloc       2%         N/A       54%         3
 Vampiric Draining        Necr           0%         2d6       54%         3
 Petrify                  Tmut/Erth      6%         N/A       71%         4
 Leda's Liquefaction      Hex/Erth       2%         N/A       77%         4
 Hailstorm                Conj/Ice       1%         3d3       91%         4
 Fireball                 Conj/Fire      0%         3d3       99%         5
 Iskenderun's Battlesphe  Conj           1%         2d6       99%         5
 Conjure Ball Lightning   Conj/Air       0%         3x3d6     100%        6
 Simulacrum               Ice/Necr       0%         N/A       100%        6
 Orb of Destruction       Conj           0%         N/A       100%        7
 Spellforged Servitor     Conj/Summ      0%         N/A       100%        7


Dungeon Overview and Level Annotations

Branches:
Dungeon (7/15)             Temple (0/1) D:4

Altars:
Cheibriados
Dithmenos
Gozag
Kikubaaqudgha
Makhleb
Nemelex Xobeh
Qazlal
Wu Jian
Xom
Yredelemnul

Annotations:
D:7 Harold


Innate Abilities, Weirdness & Mutations

You are too large for most types of armour.
You have claws for hands.
Your natural rate of healing is unusually fast.
You are covered in fur. (AC +1)
You have tough skin. (AC +1)
You have a pair of small horns on your head.
You are resistant to electric shocks. (rElec)
You expend magic power (3 MP) to strengthen your wands.


Message History

You are very lightly contaminated with residual magic.
You closely miss Harold. Your headbutt misses Harold.
Harold hits you with a +0 battleaxe.
You scratch Harold.
Harold is lightly wounded.
Harold hits you with a +0 battleaxe!!
* * * LOW HITPOINT WARNING * * *
You scratch Harold.
Harold is lightly wounded.
You block Harold's attack.
You feel much better. Harold hits you with a +0 battleaxe!!
* * * LOW HITPOINT WARNING * * *
You feel much better. Harold hits you with a +0 battleaxe.
* * * LOW HITPOINT WARNING * * *
You strike the helpless Harold from behind!
You mangle Harold!!
Harold is moderately wounded.
Harold hits you with a +0 battleaxe!!
* * * LOW HITPOINT WARNING * * *
You catch the helpless Harold completely off-guard!
You scratch Harold. You headbutt Harold. You claw Harold.
Harold is heavily wounded.
You completely miss Harold.
Harold is heavily wounded.
Harold hits you with a +0 battleaxe!
* * * LOW HITPOINT WARNING * * *
You barely miss Harold.
Harold is heavily wounded.
Harold gestures at you while chanting. The mark upon you grows brighter.
You claw Harold! Your headbutt misses Harold.
Harold is severely wounded.
Harold hits you with a +0 battleaxe.
* * * LOW HITPOINT WARNING * * *
You barely miss Harold. Your headbutt misses Harold.
You claw Harold, but do no damage.
Harold is severely wounded.
Harold says, "I was hoping my final job would be more of a challenge, but money is money."
Harold hits you with a +0 battleaxe!!
You die...

####...##.######..
#......# ###
#.###### #.# #.#
#.# # #.#
#.###.####.#
......@@...#
....#.###### . ..
##


You could see Harold.

Vanquished Creatures
  Joseph (D:7)
  Menkaure (D:7)
  2 black bears
  An ice beast (D:6)
  A hornet zombie (D:5)
  A necrophage (D:5)
  2 sky beasts
  2 centaurs (D:6)
  5 scorpions
  A wyvern skeleton (D:6)
  A water moccasin skeleton (D:4)
  8 hounds
  A bullfrog zombie (D:6)
  A gnoll shaman (D:7)
  An orc wizard (D:7)
  Ijyb (D:5)
  An iguana (D:5)
  A hound skeleton (D:4)
  A howler monkey skeleton (D:4)
  7 adders
  7 gnolls
  2 shadow imps
  A white imp (D:6)
  An ufetubus (D:5)
  2 worms
  2 adder skeletons (D:4)
  5 dart slugs
  12 orcs
  5 bats
  14 endoplasms
  2 giant cockroaches
  2 goblins
  2 hobgoblins
  7 kobolds
  3 quokkas
  6 ball pythons
  3 frilled lizards
  5 rats
121 creatures vanquished.

Notes
Turn   | Place    | Note
-------+----------+-------------------------------------------
     0 | D:1      | GordonOverkill the Troll Earth Elementalist began the quest
                  | for the Orb.
     0 | D:1      | Reached XP level 1. HP: 16/16 MP: 1/1
   177 | D:1      | Reached skill level 1 in Unarmed Combat
   238 | D:1      | Reached XP level 2. HP: 26/26 MP: 2/2
   593 | D:1      | f
   677 | D:2      | Reached skill level 2 in Unarmed Combat
   682 | D:2      | Reached skill level 1 in Fighting
   731 | D:2      | Reached XP level 3. HP: 23/33 MP: 3/3
   800 | D:2      | Found a shadowy altar of Dithmenos.
  1567 | D:3      | Found a faded altar of an unknown god.
  1580 | D:3      | Prayed at the altar of an unknown god.
  1580 | D:3      | Became a worshipper of Qazlal Stormbringer
  1580 | D:3      | Reached * piety under Qazlal
  1638 | D:3      | Reached XP level 4. HP: 41/41 MP: 4/4
  1691 | D:3      | Reached skill level 3 in Unarmed Combat
  1792 | D:3      | Found a basalt altar of Yredelemnul.
  1986 | D:3      | Reached skill level 1 in Invocations
  2175 | D:3      | Reached XP level 5. HP: 47/49 MP: 5/5
  2351 | D:4      | Reached skill level 4 in Unarmed Combat
  2415 | D:4      | Found a staircase to the Ecumenical Temple.
  2514 | D:4      | Reached XP level 6. HP: 46/57 MP: 6/6
  2527 | D:4      | Reached ** piety under Qazlal
  2712 | D:4      | Reached skill level 5 in Unarmed Combat
  2777 | D:4      | Reached XP level 7. HP: 66/66 MP: 7/7
  3087 | D:5      | Entered Level 5 of the Dungeon
  3087 | D:5      | Found an ancient bone altar of Kikubaaqudgha.
  3404 | D:5      | Reached skill level 6 in Unarmed Combat
  3562 | D:5      | Found an ornate altar of the Wu Jian Council.
  3792 | D:5      | Reached XP level 8. HP: 73/78 MP: 9/9
  3804 | D:5      | Noticed Ijyb
  3817 | D:5      | Killed Ijyb
  3992 | D:6      | Got the Incunabulum of Icy Attacks
  4260 | D:6      | Reached skill level 7 in Unarmed Combat
  4609 | D:6      | Found a shimmering altar of Xom.
  4612 | D:6      | Found a snail-covered altar of Cheibriados.
  4612 | D:6      | Found a sparkling altar of Nemelex Xobeh.
  4614 | D:6      | Found an opulent altar of Gozag.
  4614 | D:6      | Found a shimmering altar of Xom.
  4614 | D:6      | Found a shimmering altar of Xom.
  4661 | D:6      | Gained mutation: You sometimes lose the ability to read
                  | scrolls when taking damage. [potion of mutation]
  4661 | D:6      | Gained mutation: You occasionally shout uncontrollably at
                  | your foes. [potion of mutation]
  4661 | D:6      | Gained mutation: You are partially covered in large bone
                  | plates. (SH +4) [potion of mutation]
  4662 | D:6      | Lost mutation: You occasionally shout uncontrollably at
                  | your foes. [potion of mutation]
  4662 | D:6      | Gained mutation: You have hidden genetic potential. [potion
                  | of mutation]
  4662 | D:6      | Lost mutation: You have hidden genetic potential. [potion
                  | of mutation]
  4663 | D:6      | Lost mutation: You are partially covered in large bone
                  | plates. (SH +4) [potion of mutation]
  4663 | D:6      | Lost mutation: You sometimes lose the ability to read
                  | scrolls when taking damage. [potion of mutation]
  4663 | D:6      | Gained mutation: You are resistant to electric shocks.
                  | (rElec) [potion of mutation]
  4663 | D:6      | Gained mutation: You expend magic power (3 MP) to
                  | strengthen your wands. [potion of mutation]
  4663 | D:6      | Gained mutation: You have a pair of small horns on your
                  | head. [potion of mutation]
  4770 | D:7      | Reached skill level 8 in Unarmed Combat
  4813 | D:7      | Noticed Joseph
  4819 | D:7      | Killed Joseph
  4820 | D:7      | Reached XP level 9. HP: 75/87 MP: 11/11
  4853 | D:7      | Noticed Menkaure
  4859 | D:7      | Killed Menkaure
  4860 | D:7      | Reached skill level 5 in Invocations
  5003 | D:7      | Reached skill level 5 in Fighting
  5003 | D:7      | Found a burning altar of Makhleb.
  5119 | D:7      | Noticed Harold
  5139 | D:7      | Mangled by Harold

Illustrated notes

#####.# # #.# #####.# ......#
#####.##### ######### # #.#...#
#.......# #####.#.#.# #.......#
##
........#.##########.......#####.
.......†........@.......).......>
#....####.######...........###...
#.............#########.....##.##
.†............#########........#
...........................###.#
..............#########..#.###.#
.####.................#..#.....#
..# #.................#..#####.#
..###.................#..#.....#


Turn 593 on D:1: f

Levels and vault maps discovered:
D:1:      minmay_arrival_shattered_statue, layout_basic
D:2:      layout_loops_ring, basic_altar
D:3:      layout_loops_ring, amcnicky_altar_gilded,
          hellmonk_ecumenical_altar_slurped_away, nicolae_underground_beach
D:4:      minmay_octagon_keep, layout_cave_pools, minmay_temple_entry_statues
D:5:      layout_basic, nzn_wu_jian_contemplation, kiku_gazebo_garden_becter,
          uniq_ijyb
D:6:      layout_cave_pods, doesnt_xom_only_xom, chequers_decorated_corner
D:7:      layout_loops_corners, makhleb_heckhound_becter,
          nicolae_tso_swordbearing_angel, lemuel_coloured_pillars_altar,
          uniq_menkaure, uniq_joseph, uniq_harold

Skill      XL: |  1  2  3  4  5  6  7  8  9 |
---------------+----------------------------+-----
Unarmed Combat | 1 2 3 4 5 6 8 |  8.8
Fighting       | 1 2 3 4 5 |  5.0
Invocations    | 1 2 3 4 5 |  5.1
Dodging        | |  1.5
Stealth        | |  1.0
Spellcasting   | |  1.2
Transmutations | |  0.6
Earth Magic    | |  2.6

Action                   |  1- 3 |  4- 6 |  7- 9 || total
-------------------------+-------+-------+-------++-------
Melee: Unarmed           |   111 |   101 |   161 ||   373
       Punch             |     3 |     4 |     4 ||    11
       Headbutt          |       |       |    14 ||    14
  Use: Scroll            |     3 |       |    11 ||    14
       Potion            |     1 |     1 |     7 ||     9
 Stab: Sleeping          |     5 |       |       ||     5
       Invisible         |       |       |     2 ||     2
Armor: Robe              |    19 |    33 |    45 ||    97
Dodge: Dodged            |    36 |    54 |    79 ||   169
Block: Other             |       |     2 |    18 ||    20

Table legend: (Time is in decaauts)
 A = Elapsed time spent in this place.
 B = Non-inter-level travel time spent in this place.
 C = Inter-level travel time spent in this place.
 D = Time resting spent in this place.
 E = Time spent auto-exploring this place.
 F = Levels seen in this place.
 G = Mean time per level.
                   A        B        C        D        E       F      G
               +--------+--------+--------+--------+--------+-----+--------+
         Total |   5106 |   4728 |    378 |    174 |   3585 |   7 |  729.4 |
       Dungeon |   5106 |   4728 |    378 |    174 |   3585 |   7 |  729.4 |
               +--------+--------+--------+--------+--------+-----+--------+

Top non-repeatable levels by time:
     D:2: 860 daAuts
     D:3: 833 daAuts
     D:6: 831 daAuts
     D:5: 776 daAuts
     D:4: 740 daAuts
     D:1: 640 daAuts
     D:7: 424 daAuts
